 Dungeon Crawl Stone Soup version 0.22.1-1-ga44c0e56f4 (webtiles) character file.

19589 Gunterle the Spear-Bearer (level 12, -11/101 HPs)
             Began as a Demigod Skald on Oct 13, 2018.
             Killed from afar by an orc sorcerer (16 damage)
             ... with a bolt of negative energy
             ... on level 1 of the Orcish Mines on Oct 14, 2018.
             The game lasted 02:03:40 (19690 turns).

Gunterle the Spear-Bearer (Demigod Skald)          Turns: 19690, Time: 02:03:41

Health: -11/101    AC: -11   Str: 12    XL:     12   Next: 10%
Magic:  27/36      EV: 13    Int: 28    God:
Gold:   385        SH:  2    Dex: 17    Spells: 10/25 levels left

rFire    . . .     SeeInvis .   q - +1 quarterstaff (flame)
rCold    . . .     Gourm    .   (shield currently unavailable)
rNeg     + . .     Faith    .   f - +4 scale mail "Natasaod" {rElec rN+ Str-2 Dex+2}
rPois    .         Spirit   .   n - +2 helmet {Int+3}
rElec    +         Reflect  +   h - +0 cloak
rCorr    .         Harm     .   (no gloves)
MR       +....                  (no boots)
Stlth    ..........             m - +2 amulet of reflection
HPRegen  0.26/turn              K - ring of magical power
MPRegen  0.25/turn              j - ring of wizardry

@: infused, corroded, hasted, drained, very quick
A: high mp 1
a: no special abilities


You were on level 1 of the Orcish Mines.
You were not hungry.

You visited 3 branches of the dungeon, and saw 17 of its levels.
You also visited: Volcano.

You collected 675 gold pieces.
You spent 290 gold pieces at shops.

Inventory:

Hand Weapons
 q - a +1 quarterstaff of flaming (weapon)
 r - a +0 halberd
 t - a +1 trident
 z - a +1 arbalest of flaming
 F - a +0 quarterstaff of freezing
Armour
 f - the +4 scale mail "Natasaod" (worn) {rElec rN+ Str-2 Dex+2}
   (You found it on level 4 of the Dungeon)

   It affects your strength (-2).
   It affects your dexterity (+2).
   It insulates you from electricity.
   It protects you from negative energy.
 h - a +0 cloak (worn)
 n - a +2 helmet of intelligence (worn)
 x - a +1 ring mail of cold resistance
 y - a +0 shield of fire resistance
 D - a +3 ring mail of fire resistance
 G - a +1 leather armour of magic resistance
Jewellery
 i - an uncursed ring of ice
 j - a ring of wizardry (right hand)
 m - a +2 amulet of reflection (around neck)
 K - a ring of magical power (left hand)
 W - an uncursed ring of see invisible
Wands
 b - a wand of iceblast (19)
 l - a wand of digging (15)
 C - a wand of acid (2)
 J - a wand of paralysis (12)
 L - a wand of disintegration (11)
Scrolls
 g - 12 scrolls of remove curse
 o - 3 scrolls of teleportation
 p - a scroll of magic mapping
 u - 3 scrolls of amnesia
 v - 2 scrolls of enchant armour
 w - 2 scrolls of enchant weapon
 A - 2 scrolls of immolation
 T - 3 scrolls of identify
Potions
 a - 2 potions of magic
 c - 3 potions of agility
 e - a potion of ambrosia
 k - a potion of resistance
 s - a potion of brilliance
 I - a potion of haste
 X - 2 potions of flight
Miscellaneous
 R - a box of beasts
Comestibles
 d - 23 rations
 B - 2 chunks of flesh


   Skills:
 + Level 8.0(7.3) Fighting
 + Level 8.1(7.4) Polearms
 + Level 7.9(7.2) Armour
 - Level 7.8(7.1) Dodging
 + Level 1.5(1.0) Shields
 + Level 7.4(6.7) Spellcasting
 - Level 5.1(4.5) Hexes
 - Level 5.0(4.4) Charms
 + Level 1.6(1.0) Necromancy
 - Level 2.6(2.0) Translocations


You had 10 spell levels left.
You knew the following spells:

 Your Spells              Type           Power        Failure   Level  Hunger
a - Infusion              Chrm           ####         1%          1    None
b - Shroud of Golubria    Chrm/Tloc      ####......   4%          2    None
c - Song of Slaying       Chrm           ####....     2%          2    None
d - Spectral Weapon       Hex/Chrm       ####....     4%          3    None
e - Regeneration          Chrm/Necr      ###.......   10%         3    None
f - Apportation           Tloc           ###...       4%          1    None
g - Confuse               Hex            ####....     4%          3    None

Your spell library contained the following spells:

 Spells                   Type           Power        Failure   Level  Hunger
 Confusing Touch          Hex            ####..       1%          1    None
 Animate Skeleton         Necr           N/A          6%          1    None
 Summon Small Mammal      Summ           #...         10%         1    None
 Gell's Gravitas          Tloc           ###.......   12%         3    None
 Petrify                  Tmut/Erth      #.......     65%         4    ###....
 Metabolic Englaciation   Hex/Ice        ###.......   67%         5    #####..
 Yara's Violent Unravell  Hex/Tmut       ###.......   67%         5    #####..


Dungeon Overview and Level Annotations

Branches:
Dungeon (14/15)            Temple (0/1) D:6            Lair (2/6) D:9
    Orc (1/2) D:9          Vaults (0/5) D:14
  Swamp: Lair:2-4    Shoals: Lair:2-4     Snake: Lair:2-4    Spider: Lair:2-4

Shops:
D:8 ?   D:12 =

Portals:
Trove: D:12 (give +6 demon trident)

Annotations:
D:14 3 runed doors, Susol's ghost, journeyman BaHu
Lair:2 Gastronok; Harold


Innate Abilities, Weirdness & Mutations

You have an increased reservoir of magic. (+10% MP)


Message History

The orc sorcerer hits you with a dagger.
* * * LOW HITPOINT WARNING * * *
The rust devil hits your spectral weapon!
Your spectral weapon shares its damage with you!
* * * LOW HITPOINT WARNING * * *
Okay, then.
You feel better. The orc sorcerer barely misses you.
The orc sorcerer points at you and mumbles some strange words.
The bolt of negative energy misses you.
The rust devil disappears in a puff of smoke!
The orc sorcerer gestures wildly while chanting.
You feel yourself speed up.
The orc sorcerer hits your spectral weapon but does no damage.
The chaos spawn hits your spectral weapon.
Your spectral weapon shares its damage with you!
Your spectral weapon fades away.
* * * LOW HITPOINT WARNING * * *
The orc sorcerer gestures at you while chanting.
The bolt of negative energy hits you! You partially resist.
You feel drained.
You die...

##.# .#.#### ### ....#.####
##.## .. . .#.....#.###...
...#. ...........##.###
#.....#
......##....#.#.####.#.....
.....###.........##.......#
[...##...........##...#....
.........##.....@.#..#.....
....#......#.......o....$..
.......#....#.....§4.#...#
....#......#......§§.......
...><#.............#...$...
..............#............
...........#...##..........
...........##.# ...$....#.#
..#.........## ##...#......


You could see a chaos spawn and an orc sorcerer.

Vanquished Creatures
  A stone giant (Volcano)
  Fannar (Lair:1)
  2 hydras
  A two-headed ogre (D:10)
  An unseen horror (D:12)
  A cyclops (D:12)
  4 ugly things
  A black mamba (Lair:1)
  2 gargoyles (Volcano)
  A spiny frog (Lair:1)
  An efreet (Volcano)
  5 komodo dragons
  A guardian mummy (D:12)
  A troll (Orc:1)
  3 hippogriffs
  2 dream sheep (D:11)
  A wraith (D:12)
  A wyvern (D:11)
  7 yaks (D:11)
  2 hungry ghosts
  7 fire bats (Volcano)
  A vampire mosquito (D:13)
  5 water moccasins
  3 sky beasts
  4 orc warriors
  3 black bears
  3 phantoms
  6 ogres
  5 centaurs
  2 necrophages
  A crocodile (D:12)
  3 earth elementals (Volcano)
  4 big kobolds
  A wyvern zombie (D:11)
  5 bullfrogs
  3 scorpions
  5 killer bees (D:7)
  6 wights (D:11)
  A howler monkey (D:10)
  3 crimson imps
  2 centaur zombies
  2 bullfrog zombies
  10 lava snakes
  A quasit (D:11)
  13 orc wizards
  4 hounds
  3 jellies
  6 orc priests
  2 bullfrog skeletons
  3 centaur skeletons
  An iguana (D:5)
  5 worker ants
  2 hound zombies
  A hound skeleton (D:5)
  A worker ant zombie (D:10)
  Robin (D:1)
  9 adders
  A shadow imp (D:6)
  An ooze (D:2)
  An adder zombie (D:5)
  An adder skeleton (D:5)
  2 worms
  A dart slug (D:2)
  7 leopard geckos
  44 orcs
  7 bats
  3 giant cockroaches
  13 goblins
  9 hobgoblins
  4 jackals (D:9)
  8 quokkas
  A ball python (D:5)
  4 frilled lizards
  16 kobolds
  A leopard gecko skeleton (D:4)
  15 rats
  A plant (D:9)
316 creatures vanquished.

Vanquished Creatures (others)
  An adder (D:8)
  A plant (D:9)
  17 spectral weapons
19 creatures vanquished.

Grand Total: 335 creatures vanquished

Notes
Turn   | Place    | Note
-------+----------+-------------------------------------------
     0 | D:1      | Gunterle the Demigod Skald began the quest for the Orb.
     0 | D:1      | Reached XP level 1. HP: 17/17 MP: 5/5
    53 | D:1      | Reached skill level 1 in Armour
   351 | D:1      | Reached XP level 2. HP: 17/24 MP: 4/7
   355 | D:1      | Learned a level 2 spell: Shroud of Golubria
  1146 | D:2      | Noticed Robin
  1224 | D:2      | Reached XP level 3. HP: 29/29 MP: 1/8
  1309 | D:2      | Learned a level 2 spell: Song of Slaying
  1725 | D:1      | Killed Robin
  1725 | D:1      | Reached XP level 4. HP: 21/36 MP: 3/10
  3293 | D:2      | Reached XP level 5. HP: 36/42 MP: 5/11
  3301 | D:2      | Learned a level 3 spell: Spectral Weapon
  3559 | D:3      | Found a glowing silver altar of Zin.
  4088 | D:4      | Reached XP level 6. HP: 50/50 MP: 3/13
  4377 | D:4      | Got a brightly glowing scale mail
  4439 | D:5      | Entered Level 5 of the Dungeon
  5879 | D:5      | Reached XP level 7. HP: 57/57 MP: 5/14
  5884 | D:5      | Learned a level 3 spell: Regeneration
  6533 | D:6      | Found a staircase to the Ecumenical Temple.
  6611 | D:6      | Found a burning altar of Makhleb.
  6912 | D:6      | Found an iron altar of Okawaru.
  7134 | D:6      | Found an opulent altar of Gozag.
  7514 | D:7      | Reached XP level 8. HP: 66/66 MP: 17/17
  7754 | D:7      | Noticed a hippogriff
  7784 | D:6      | Killed a hippogriff
  8023 | D:6      | HP: 2/66 [orc warrior/war axe (15)]
  8551 | D:7      | Reached skill level 5 in Charms
  9340 | D:7      | Reached skill level 1 in Translocations
  9680 | D:8      | Reached XP level 9. HP: 73/73 MP: 17/19
  9933 | D:8      | Found a sparkling altar of Nemelex Xobeh.
 10030 | D:8      | Found a snail-covered altar of Cheibriados.
 10069 | D:8      | Reached skill level 5 in Fighting
 10069 | D:8      | Reached skill level 5 in Dodging
 10111 | D:8      | Reached skill level 1 in Hexes
 10119 | D:8      | Found a basalt altar of Yredelemnul.
 10124 | D:8      | Found a glowing golden altar of the Shining One.
 10127 | D:8      | Noticed an angel
 10139 | D:8      | Noticed a profane servitor
 10469 | D:8      | Found an ornate altar of the Wu Jian Council.
 10472 | D:8      | Found a shadowy altar of Dithmenos.
 10499 | D:8      | Reached skill level 5 in Polearms
 10575 | D:8      | Found Woxyc's Magic Scroll Shop.
 10583 | D:8      | Bought a scroll of torment for 75 gold pieces
 10583 | D:8      | Bought a scroll of identify for 20 gold pieces
 10583 | D:8      | Bought a scroll of noise for 10 gold pieces
 10583 | D:8      | Bought a scroll of identify for 20 gold pieces
 10583 | D:8      | Bought a scroll of fear for 35 gold pieces
 10583 | D:8      | Bought a scroll of identify for 20 gold pieces
 10583 | D:8      | Bought a scroll of identify for 20 gold pieces
 10740 | D:9      | Reached skill level 5 in Armour
 10889 | D:9      | Found a staircase to the Lair.
 10890 | D:9      | Noticed a komodo dragon
 10900 | D:9      | Reached skill level 5 in Spellcasting
 10912 | D:9      | Killed a komodo dragon
 10971 | D:9      | Identified the +4 scale mail "Natasaod" {rElec rN+ Str-2
                  | Dex+2} (You found it on level 4 of the Dungeon)
 11240 | D:9      | Found a staircase to the Orcish Mines.
 11532 | D:10     | Entered Level 10 of the Dungeon
 11538 | D:10     | Found a blossoming altar of Fedhas.
 11660 | D:10     | Learned a level 1 spell: Apportation
 12442 | D:10     | Noticed a two-headed ogre
 12454 | D:10     | Killed a two-headed ogre
 12454 | D:10     | Reached XP level 10. HP: 72/83 MP: 18/22
 12980 | D:11     | Noticed a white ugly thing
 12998 | D:11     | Noticed a purple ugly thing
 13261 | D:11     | Killed a brown ugly thing
 13286 | D:10     | Killed a purple ugly thing
 13909 | D:11     | Noticed a three-headed hydra
 13915 | D:11     | Killed a three-headed hydra
 13915 | D:11     | Reached XP level 11. HP: 79/91 MP: 9/24
 14428 | D:12     | Learned a level 3 spell: Confuse
 14989 | D:12     | Found a portal to a secret trove of treasure.
 15283 | D:12     | Found Ublaosocs's Jewellery Shoppe.
 15288 | D:12     | Bought a +2 amulet of reflection for 90 gold pieces
 15371 | D:12     | Reached skill level 5 in Hexes
 15583 | D:12     | Noticed an unseen horror
 15608 | D:12     | Killed an unseen horror
 15808 | D:12     | You fall through a shaft for 2 floors!
 15812 | D:14     | Found a runed gate.
 15812 | D:14     | Found a runed gate.
 15813 | D:14     | Found a runed gate.
 15819 | D:14     | Noticed Susol's ghost (journeyman BaHu)
 15835 | D:14     | Found a gate to the Vaults.
 15835 | D:14     | Noticed a vault guard
 15835 | D:14     | Noticed a vault guard
 15835 | D:14     | Noticed a vault guard
 15835 | D:14     | Noticed a vault guard
 16543 | Lair:1   | Entered Level 1 of the Lair of Beasts
 16636 | Lair:1   | Found a dark tunnel.
 16637 | Lair:1   | Noticed Fannar
 16643 | Volcano  | Entered a volcano
 17573 | Volcano  | Noticed a stone giant
 17605 | Volcano  | Killed a stone giant
 17804 | Volcano  | Found a radiant altar of Vehumet.
 17830 | Volcano  | Found a bloodstained altar of Trog.
 18280 | Lair:1   | Killed Fannar
 18280 | Lair:1   | Reached skill level 1 in Necromancy
 18373 | Lair:1   | Reached skill level 1 in Shields
 18373 | Lair:1   | Reached XP level 12. HP: 92/101 MP: 27/27
 19247 | Lair:2   | Noticed a six-headed hydra
 19261 | Lair:2   | Killed a six-headed hydra
 19288 | Lair:2   | Noticed Harold
 19300 | Lair:2   | Noticed Gastronok
 19610 | Orc:1    | Entered Level 1 of the Orcish Mines
 19676 | Orc:1    | Paralysed by an orc sorcerer for 7 turns
 19684 | Orc:1    | HP: 5/101 [rust devil[an orc sorcerer] (7)]
 19685 | Orc:1    | HP: 1/101 [rust devil[an orc sorcerer] (3)]
 19690 | Orc:1    | Killed from afar by an orc sorcerer

Skill      XL: |  1  2  3  4  5  6  7  8  9 10 11 12 |
---------------+-------------------------------------+-----
Armour         | 1 2 3 4 5 6 7 |  7.9
Dodging        | 2 3 4 6 7 |  7.8
Fighting       | 2 3 4 6 7 8 |  8.0
Polearms       | 2 3 4 5 6 8 |  8.1
Spellcasting   | 2 3 4 5 6 7 |  7.4
Charms         | 3 4 5 |  5.0
Translocations | 1 2 |  2.6
Hexes          | 3 4 5 |  5.1
Necromancy     | 1 |  1.6
Shields        | 1 |  1.5

Action                   |  1- 3 |  4- 6 |  7- 9 | 10-12 || total
-------------------------+-------+-------+-------+-------++-------
Melee: Spear             |   127 |   104 |       |       ||   231
       Trident           |       |    79 |   367 |   492 ||   938
       Quarterstaff      |       |       |       |    15 ||    15
Throw: Stone             |     2 |       |       |       ||     2
 Cast: Infusion          |    21 |    38 |    57 |    74 ||   190
       Shroud of Golubri |     8 |    33 |    81 |    84 ||   206
       Spectral Weapon   |       |     8 |    66 |    87 ||   161
       Song of Slaying   |       |       |    16 |     7 ||    23
       Regeneration      |       |       |    17 |    38 ||    55
       Confuse           |       |       |       |     4 ||     4
Evoke: Wand              |       |     1 |     3 |     5 ||     9
  Use: Scroll            |     4 |     8 |     9 |    10 ||    31
       Potion            |       |     1 |     1 |    17 ||    19
 Stab: Sleeping          |     2 |     1 |       |       ||     3
       Distracted        |       |       |     6 |     8 ||    14
  Eat: Chunk             |     4 |    12 |    22 |     8 ||    46
       Ration            |       |     1 |     1 |     5 ||     7
Armor: Leather armour    |    26 |    43 |    19 |       ||    88
       Ring mail         |       |       |    52 |       ||    52
       Scale mail        |       |       |    27 |   160 ||   187
       Fire dragon scale |       |       |       |    36 ||    36
Dodge: Dodged            |    77 |    94 |   212 |   269 ||   652
Block: Other             |       |       |       |    15 ||    15
       Shield            |       |       |       |     5 ||     5
